 Dungeon Crawl Stone Soup version 0.25-a0-42-g6c54e25894 (webtiles) character file.

Game seed: 1870391726768647104, levelgen mode: deterministic

317 Gumption the Grave Robber (level 6, -3/42 HPs)
             Began as a Human Necromancer on Oct 23, 2019.
             Slain by a bullfrog skeleton (6 damage)
             ... on level 4 of the Dungeon.
             The game lasted 00:43:22 (5629 turns).

Gumption the Grave Robber (Human Necromancer)       Turns: 5629, Time: 00:43:23

Health: -3/42      AC:  2    Str:  8    XL:     6   Next: 74%
Magic:  5/11       EV: 12    Int: 17    God:
Gold:   209        SH:  0    Dex: 14    Spells: 3/11 levels left

rFire    . . .     SeeInvis .   a - +0 dagger
rCold    . . .     Gourm    .   (no shield)
rNeg     . . .     Faith    .   d - +0 robe (curse)
rPois    .         Spirit   .   (no helmet)
rElec    .         Reflect  .   (no cloak)
rCorr    .         Harm     .   (no gloves)
MR       .....                  (no boots)
Stlth    ++........             (no amulet)
HPRegen  0.14/turn              (no ring)
MPRegen  0.12/turn              (no ring)

@: very slightly contaminated
A: no striking features
a: no special abilities


You were on level 4 of the Dungeon.
You were hungry.

You visited 1 branch of the dungeon, and saw 4 of its levels.

You collected 209 gold pieces.

Inventory:

Hand Weapons
 a - a +0 dagger (weapon)
 g - a +0 hunting sling
 j - a +0 spear
 s - a cursed -3 dagger
Missiles
 f - 160 stones
 n - 4 atropa-tipped darts
 q - 10 boomerangs (quivered)
Armour
 d - a cursed +0 robe (worn)
 h - a +0 leather armour
Jewellery
 i - an uncursed ring of resist corrosion {unknown}
 k - an uncursed ring of wizardry {unknown}
Wands
 p - a wand of enslavement (3)
Scrolls
 b - 2 scrolls of identify
 o - a scroll of remove curse {unknown}
 r - a scroll of noise {unknown}
 t - a scroll of teleportation {unknown}
 v - a scroll of enchant weapon {unknown}
 x - a scroll of random uselessness {unknown}
Potions
 c - a potion of might
 l - a potion of curing
 m - a potion of invisibility
 u - a potion of lignification
 w - a potion of magic
Comestibles
 e - 7 rations
 z - 3 chunks of flesh


   Skills:
 + Level 0.5 Fighting
 + Level 2.1 Dodging
 + Level 2.1 Stealth
 + Level 3.4 Spellcasting
 - Level 2.0 Charms
 * Level 6.2 Necromancy


You had 3 spell levels left.
You knew the following spells:

 Your Spells              Type           Power        Failure   Level  Hunger
a - Pain                  Necr           ###.         1%          1    None
b - Animate Skeleton      Necr           N/A          1%          1    None
c - Vampiric Draining     Necr           ###.......   4%          3    ###....
z - Regeneration          Chrm/Necr      ###.......   9%          3    ###....

Your spell library contained the following spells:

 Spells                   Type           Power        Failure   Level  Hunger
 Animate Dead             Necr           N/A          13%         4    ####...


Dungeon Overview and Level Annotations

Branches:
Dungeon (4/15)
 Temple: D:4-7

Altars:
Cheibriados
Wu Jian

Annotations:
D:3 1 runed translucent door, Crazy Yiuf


Message History

The worker ant writhes in agony.
You kill the worker ant!
Your skin is crawling a little less now.
The bullfrog skeleton hits you.
* * * LOW HITPOINT WARNING * * *
The bullfrog skeleton hits you.
* * * LOW HITPOINT WARNING * * *
Your skin stops crawling.
You hit the bullfrog skeleton but do no damage.
The bullfrog skeleton is severely damaged.
The bullfrog skeleton hits you but does no damage.
You hit the bullfrog skeleton but do no damage.
The bullfrog skeleton is severely damaged.
The bullfrog skeleton completely misses you.
The bullfrog skeleton hits you.
* * * LOW HITPOINT WARNING * * *
You barely miss the bullfrog skeleton.
The bullfrog skeleton is severely damaged.
The bullfrog skeleton hits you.
You die...

...?.......# #.........#
###≈....). #.........#
.≈.≈#..... #.........#
.⌠.≈≈#.≈## #.........#
.≈≈.#.≈#. ####.######
..#.≈.≈(.# #.#
###.≈.≈##⌠≈#
#####.########.##.#≈≈.≈.≈
#......Z@.......######.##
###.#.########.....##..##
#.#.# #............ #.#.#
#............ #.#.#
#............ #.#†#
#............
#.#.#######............
#...............##.##..
###..............##...##.


You could see a bullfrog skeleton.

Vanquished Creatures
  A scorpion (D:4)
  An orc priest (D:4)
  A hound (D:4)
  2 worker ants (D:4)
  6 adders
  An ooze (D:2)
  A dart slug (D:1)
  2 leopard geckos
  12 orcs
  2 ball pythons
  13 bats
  7 giant cockroaches
  8 hobgoblins
  5 jackals
  A quokka (D:3)
  4 frilled lizards
  7 goblins
  3 kobolds
  9 rats
86 creatures vanquished.

Vanquished Creatures (collateral kills)
  An adder (D:2)
  A bat (D:3)
  A giant cockroach (D:3)
  2 hobgoblins (D:3)
  A kobold (D:1)
  2 rats (D:3)
8 creatures vanquished.

Vanquished Creatures (others)
  A dart slug (D:1)
1 creature vanquished.

Grand Total: 95 creatures vanquished

Notes
Turn   | Place    | Note
-------+----------+-------------------------------------------
     0 | D:1      | Gumption the Human Necromancer began the quest for the Orb.
     0 | D:1      | Reached XP level 1. HP: 13/13 MP: 3/3
     2 | D:1      | Learned a level 1 spell: Animate Skeleton
   478 | D:1      | Reached XP level 2. HP: 19/19 MP: 3/5
  1205 | D:1      | Reached XP level 3. HP: 24/24 MP: 4/6
  1210 | D:1      | Learned a level 3 spell: Vampiric Draining
  2305 | D:2      | Found a snail-covered altar of Cheibriados.
  2343 | D:2      | Reached XP level 4. HP: 28/30 MP: 5/7
  2377 | D:2      | Learned a level 3 spell: Regeneration
  2406 | D:2      | Reached skill level 5 in Necromancy
  3758 | D:3      | Reached XP level 5. HP: 31/35 MP: 3/9
  3760 | D:3      | Reached skill level 1 in Charms
  4163 | D:3      | Found a runed translucent door.
  4164 | D:3      | Noticed Crazy Yiuf
  4875 | D:4      | Reached XP level 6. HP: 15/41 MP: 0/10
  5174 | D:4      | Reached skill level 6 in Necromancy
  5464 | D:4      | Found an ornate altar of the Wu Jian Council.
  5628 | D:4      | HP: 2/42 [bullfrog skeleton (2)]
  5629 | D:4      | Slain by a bullfrog skeleton

Levels and vault maps discovered:
D:1:      minmay_arrival_nine_rooms, layout_loops_corners, st_stairs_13,
          lemuel_flame_loot_1
D:2:      layout_loops_corners, nicolae_overflow_hidden_temple, first_ration
D:3:      layout_rooms, uniq_crazy_yiuf_cottage
D:4:      layout_basic, lemuel_round_altar, tgw_xom

Skill      XL: |  1  2  3  4  5  6 |
---------------+-------------------+-----
Necromancy     | 5 6 |  6.2
Charms         | 1 2 |  2.0
Spellcasting   | 3 |  3.4
Fighting       | |  0.5
Dodging        | |  2.1
Stealth        | |  2.1

Action                   |  1- 3 |  4- 6 || total
-------------------------+-------+-------++-------
Melee: Dagger            |     1 |    16 ||    17
Throw: Stone             |       |     5 ||     5
       Boomerang         |       |    18 ||    18
 Cast: Pain              |    71 |   111 ||   182
       Animate Skeleton  |    12 |    26 ||    38
       Regeneration      |       |     2 ||     2
  Use: Scroll            |       |     5 ||     5
  Eat: Chunk             |     5 |     7 ||    12
       Ration            |       |     1 ||     1
Armor: Robe              |     4 |     6 ||    10
Dodge: Dodged            |     8 |    40 ||    48

Table legend:
 A = Non-vault XP
 B = Vault XP
 C = Vault XP percentage of total XP
 D = Non-vault monster count
 E = Vault monster count
 F = Vault count percentage of total count
                 A         B        C        D         E       F
            +---------+---------+-------+---------+---------+-------
      Total |     417 |      37 |   8.1 |      90 |       4 |   4.3
            +---------+---------+-------+---------+---------+-------
        D:1 |      46 |       1 |   2.1 |      29 |       1 |   3.3
        D:2 |      74 |       0 |   0.0 |      16 |       0 |   0.0
        D:3 |      72 |       0 |   0.0 |      34 |       0 |   0.0
        D:4 |     225 |      36 |  13.8 |      11 |       3 |  21.4
            +---------+---------+-------+---------+---------+-------
